 Dungeon Crawl Stone Soup version 0.20.1-1-g8b1a95d (webtiles) character file.

371 Chisa the Skirmisher (level 6, -1/48 HPs)
             Began as a Demonspawn Fighter on Sept 18, 2017.
             Was an Initiate of Qazlal.
             Killed by divine providence
             ... invoked by an orc priest
              (11 damage)
             ... on level 4 of the Dungeon.
             The game lasted 00:04:23 (4010 turns).

Chisa the Skirmisher (Demonspawn Fighter)           Turns: 4010, Time: 00:04:23

Health: -1/48      AC: 13    Str: 17    XL:     6   Next: 42%
Magic:  6/6        EV:  4    Int: 10    God:    Qazlal [......]
Gold:   138        SH:  9    Dex: 13    Spells: 5/5 levels left

rFire    . . .     SeeInvis .   a - +0 flail
rCold    . . .     Gourm    .   c - +0 shield
rNeg     . . .     Faith    .   q - +0 chain mail
rPois    .         Spirit   .   (no helmet)
rElec    .         Reflect  .   (no cloak)
rCorr    .         Harm     .   i - +0 pair of gloves
MR       .....                  (no boots)
Stlth    ..........             (no amulet)
Regen    0.2/turn               (no ring)
MPRegen  0.1/turn               (no ring)

@: no status effects
A: icy blue scales 2, powered by death 1
a: Renounce Religion


You were on level 4 of the Dungeon.
You worshipped Qazlal.
Qazlal was noncommittal.
You were hungry.

You visited 2 branches of the dungeon, and saw 5 of its levels.

You collected 138 gold pieces.

Inventory:

Hand Weapons
 a - a +0 flail (weapon)
Missiles
 p - 135 stones (quivered)
Armour
 c - a +0 shield (worn)
 i - a +0 pair of gloves (worn)
 q - a +0 chain mail (worn)
 s - a +0 plate armour
Jewellery
 g - a cursed ring of teleportation {unknown}
 t - an uncursed ring of protection from fire {unknown}
Scrolls
 e - 2 scrolls of remove curse {unknown}
 k - 3 scrolls of identify {unknown}
 n - a scroll of enchant armour {unknown}
 o - a scroll of teleportation {unknown}
 r - a scroll of recharging {unknown}
 w - 2 scrolls of magic mapping {unknown}
 x - a scroll of amnesia {unknown}
 y - 2 scrolls of blinking {unknown}
 A - a scroll of fear {unknown}
Potions
 b - 2 potions of ambrosia {unknown}
 d - a potion of might
 h - a potion of lignification {unknown}
 m - 2 potions of mutation {unknown}
 u - a potion of resistance {unknown}
 v - a potion of curing {unknown}
Comestibles
 f - 4 bread rations
 j - 3 royal jellies
 l - 6 meat rations
 z - 3 chunks of flesh


   Skills:
 + Level 4.2 Fighting
 * Level 4.2 Maces & Flails
 + Level 3.7 Armour
 + Level 3.6 Shields


You had 5 spell levels left.
You didn't know any spells.

Dungeon Overview and Level Annotations

Branches:
Dungeon (4/15)             Temple (1/1) D:4

Altars:
Ashenzari
Cheibriados
Gozag
Hepliaklqana
Kikubaaqudgha
Qazlal
Yredelemnul


Innate Abilities, Weirdness & Mutations

You are mostly covered in icy blue scales. (AC +3)
You regenerate a little health from kills.


Message History

The orc priest calls down the wrath of Beogh upon you.
Pain shoots through your body! The orc hits you but does no damage.
The orc priest hits you with a war axe.
You closely miss the orc priest.
The orc priest calls down the wrath of Beogh upon you.
Pain shoots through your body!
You closely miss the orc priest.
You are feeling hungry.
You block the orc's attack.
The orc priest invokes the aid of Beogh against you.
Beogh smites you! The orc hits you but does no damage.
You are too injured to fight recklessly!
You are too injured to fight recklessly!
You barely miss the orc priest. You block the orc's attack.
The orc priest hits you with a war axe!
* * * LOW HITPOINT WARNING * * *
You block the orc's attack. The orc hits you but does no damage.
The orc priest mumbles some strange prayers to Beogh against you.
Beogh smites you!
You die...

#.........# #........(
###........##.. ...!........#.#
............... #..........## ##
##..ooo.....##..#
.#.......##......#..
#....#@#............
#...........#...........
#.#....##?...#..........
#....###.##......#.........#.....
.............#......##.....#.....
........ ........##........#.....
.......##.#...#..##.....#........
......##.###............##.......
....bb#...#.....................#


You could see an orc priest and 2 orcs.

Vanquished Creatures
  An orc priest (D:3)
  A hound (D:4)
  2 orc wizards (D:3)
  An iguana (D:3)
  Natasha (thrice) (D:3)
  A gnoll (D:1)
  5 adders (D:3)
  4 oozes
  A worm (D:2)
  5 dart slugs
  2 leopard geckos
  6 orcs (D:3)
  6 giant cockroaches
  6 goblins
  4 hobgoblins
  7 jackals
  2 ball pythons (D:1)
  7 bats
  A frilled lizard (D:2)
  5 kobolds
  A leopard gecko skeleton (D:4)
  6 rats
77 creatures vanquished.

Notes
Turn   | Place    | Note
-------+----------+-------------------------------------------
     0 | D:1      | Chisa the Demonspawn Fighter began the quest for the Orb.
     0 | D:1      | Reached XP level 1. HP: 18/18 MP: 1/1
   209 | D:1      | Gained mutation: You are partially covered in icy blue scales. (AC +2) [demonic ancestry]
   209 | D:1      | Reached XP level 2. HP: 20/24 MP: 2/2
   296 | D:1      | Found a shattered altar of Ashenzari.
   564 | D:1      | Gained mutation: You are mostly covered in icy blue scales. (AC +3) [demonic ancestry]
   564 | D:1      | Reached XP level 3. HP: 20/29 MP: 3/3
  1827 | D:2      | Gained mutation: You regenerate a little health from kills. [demonic ancestry]
  1827 | D:2      | Reached XP level 4. HP: 18/35 MP: 4/4
  2577 | D:3      | Reached XP level 5. HP: 41/42 MP: 5/5
  3136 | D:3      | Noticed Natasha
  3143 | D:3      | Killed Natasha
  3385 | D:3      | Noticed Natasha
  3396 | D:3      | Killed Natasha
  3396 | D:3      | Reached XP level 6. HP: 46/48 MP: 6/6
  3802 | D:3      | Noticed Natasha
  3819 | D:3      | Killed Natasha
  3884 | D:4      | Found a staircase to the Ecumenical Temple.
  3893 | Temple   | Entered the Ecumenical Temple
  3915 | Temple   | Became a worshipper of Qazlal Stormbringer
  4010 | D:4      | Killed from afar by an orc priest

Skill      XL: |  1  2  3  4  5 |
---------------+----------------+-----
Maces & Flails | 2 3 4 |  4.2
Armour         | 3 |  3.7
Shields        | 3 |  3.6
Fighting       | 4 |  4.2

Action                   |  1- 3 |  4- 6 || total
-------------------------+-------+-------++-------
Melee: Flail             |   159 |   179 ||   338
  Eat: Chunk             |     3 |     7 ||    10
Armor: Scale mail        |    46 |       ||    46
       Chain mail        |    63 |   125 ||   188
Dodge: Dodged            |    34 |    29 ||    63
Block: Shield            |    78 |    86 ||   164
